 Dungeon Sprint DCSS version 0.21-a0-349-g0c35859 (webtiles) character file.

14518 Kidiri the Warrior (level 11, -17/175 HPs)
             Began as a White Draconian Gladiator on Oct 8, 2017.
             Was the Champion of Trog.
             Demolished by an orc warlord
             ... wielding a +0 halberd
              (44 damage)
             ... in the Dungeon (Sprint VII: "The Pits").
             The game lasted 00:21:01 (3399 turns).

Kidiri the Warrior (White Draconian Gladiator)      Turns: 3399, Time: 00:21:02

Health: -17/175    AC: 12    Str: 26    XL:     11   Next: 89%
Magic:  11/11      EV: 20    Int:  8    God:    Trog [******]
Gold:   0          SH:  0    Dex: 12    Spells: 10/10 levels left

rFire    . . .     SeeInvis .   a - +11 great mace of the Spider {crush, *Rage rElec rN+}
rCold    + . .     Gourm    .   (shield currently unavailable)
rNeg     + . .     Faith    .   (armour unavailable)
rPois    +         Spirit   .   b - +2 hat
rElec    +         Reflect  .   (no cloak)
rCorr    .         Harm     .   (no gloves)
MR       +....     Rnd*Rage +   k - +2 pair of boots Stlth ..........NoTele +
                                (no amulet)
HPRegen  0.39/turn              J - ring of poison resistance
MPRegen  0.12/turn              G - ring of protection from magic

@: berserking (expiring), very quick
A: breathe frost, unfitting armour, antennae 1, fangs 1, talons 1, cold
resistance 1, deterioration 1, sense surroundings 1, cold-blooded, AC +7
a: Breathe Frost, Berserk, Trog's Hand, Brothers in Arms, Burn Spellbooks,
Renounce Religion


You were in the Dungeon.
You worshipped Trog.
Trog was exalted by your worship.
You were very full.

You visited 1 branch

Inventory:

Hand Weapons
 a - the +11 great mace of the Spider (weapon) {crush, *Rage rElec rN+}
   (Trog gifted it to you in the Dungeon)

   It inflicts extra damage upon your enemies.
   It insulates you from electricity.
   It protects you from negative energy.
   It may make you go berserk in combat.
Missiles
 c - 2 throwing nets
 n - 4 javelins of penetration (quivered)
 r - 6 needles of frenzy
 x - 13 javelins of returning
 y - 13 poisoned javelins
 A - 2 silver javelins
 I - 2 needles of sleeping
Armour
 b - a +2 hat (worn)
 k - a +2 pair of boots (worn)
Jewellery
 G - a ring of protection from magic (right hand)
 J - a ring of poison resistance (left hand)
Scrolls
 m - 4 scrolls of remove curse
 o - a scroll of summoning
 z - 2 scrolls of recharging
 B - a scroll of fog
 E - a scroll of identify
 F - 2 scrolls of enchant weapon
Potions
 e - 7 potions of curing
 f - 14 potions of heal wounds
 g - 2 potions of haste
 h - 4 potions of magic
 i - 5 potions of berserk rage
 l - 2 potions of invisibility
 u - 2 potions of brilliance
 v - a potion of might
 w - 3 potions of resistance
 H - a potion of agility
Comestibles
 d - 8 bread rations
 p - 17 fruits
 q - 7 meat rations


   Skills:
 * Level 17.0 Fighting
 * Level 15.9 Maces & Flails
 + Level 11.0 Throwing
 * Level 14.8 Dodging


You had 10 spell levels left.
You didn't know any spells.

Dungeon Overview and Level Annotations

Branches:
Dungeon (1/1)

Altars:
Ashenzari
Cheibriados
Dithmenos
Elyvilon
Fedhas
Gozag
Hepliaklqana
Kikubaaqudgha
Makhleb
Nemelex Xobeh
Okawaru
Qazlal
Ru
Sif Muna
Trog
Uskayaw
Vehumet
Wu Jian
Xom
Yredelemnul
Zin
The Shining One
Beogh
Jiyva
Lugonu

Annotations:
D exclusions: 6 doors and 2 more exclusions


Innate Abilities, Weirdness & Mutations

You can breathe waves of freezing cold.
You can buffet flying creatures when you breathe cold.
Your icy white scales are hard. (AC +7)
You cannot fit into any form of body armour.
Your flesh is cold resistant. (rC+)
You are cold-blooded and may be slowed by cold attacks.
You have a pair of small antennae on your head.
You have very sharp teeth.
You have sharp toenails.
Your body sometimes deteriorates upon taking damage.
You passively map a small area around you.


Message History

The orc warlord hits you with an uncursed halberd!!
* * * LOW HITPOINT WARNING * * *
The orc knight roars a battlecry!
The orc knight goes into a battle-frenzy!
The orc knight roars a battlecry!
The orc knight goes into a battle-frenzy!
You barely miss the orc warlord. You tail-slap the orc warlord!
The orc warlord is almost dead.
The orc knight no longer looks unusually strong. x3
The orc knight completely misses you. x3
A vault guard comes into view. It is wielding a long sword.
Unknown command.
You closely miss the orc warlord.
The orc warlord is almost dead.
The vault guard shouts!
The orc knight roars a battlecry!
The orc knights go into a battle-frenzy!
The orc knight misses you.
The orc warlord hits you with an uncursed halberd!!!
You die...

* ,, * * * * * < + , ,, ,* ,
,++ ,, * ,,,,+, , *< * + * * *
+###########################
................(.(รท........
................(.(.).......,,,
, .##############'o###########
.#,, , <#.oo@o{# < , .#
#.oooo.#*++* , .# * ,,,#..soo.#
, , , .#, * , , ###..### , .# ,
...p .# , , ..... .# * #....
*** , ,, .# , #....# .# *


You could see an orc warlord, a vault guard, 9 orc knights and a wolf spider.

Vanquished Creatures
  A nagaraja (D)
  An orc warlord (D)
  A great orb of eyes (D)
  A necromancer (D)
  An orc sorcerer (D)
  An ugly thing (D)
  A cyclops (D)
  A deep elf mage (D)
  A manticore (D)
  An eye of devastation (D)
  2 smoke demons (D)
  2 naga magi (D)
  2 gargoyles (D)
  An orange demon (D)
  An efreet (D)
  An ice devil (D)
  4 dream sheep (D)
  A shadow (D)
  A spriggan (D)
  3 yaks (D)
  A ynoxinul (D)
  3 vampire mosquitoes (D)
  2 neqoxecs (D)
  A naga (D)
  A warg (D)
  A soldier ant (D)
  A floating eye (D)
  A porcupine (D)
  A swamp drake (D)
  An ogre (D)
  An eye of draining (D)
  A necrophage (D)
  4 wolves (D)
  A bullfrog (D)
  3 killer bees (D)
  A crimson imp (D)
  2 hounds (D)
  An orc wizard (D)
  A gnoll shaman (D)
  An orc priest (D)
  A hell rat (D)
  3 gnolls (D)
  A white imp (D)
  An ufetubus (D)
  An adder zombie (D)
  A worm (D)
  A leopard gecko (D)
  An orc (D)
  A bat zombie (D)
  A goblin (D)
  9 jackals (D)
  A ball python (D)
  2 bat simulacra (D)
  A frilled lizard (D)
  A rat (D)
83 creatures vanquished.

Vanquished Creatures (collateral kills)
  A centaur warrior (D)
  A death yak (D)
  2 orc knights (D)
  An orc sorcerer (D)
  A tyrant leech (D)
  A tarantella (D)
  4 vampire mosquitoes (D)
  A sky beast (D)
  An ogre (D)
  A centaur (D)
  A hound (D)
  Ijyb (D)
  Terence (D)
  A hell rat (D)
  2 gnolls (D)
  An ufetubus (D)
  An adder zombie (D)
  A goblin (D)
  A rat (D)
24 creatures vanquished.

Grand Total: 107 creatures vanquished

Notes
Turn   | Place    | Note
-------+----------+-------------------------------------------
     0 | D        | Kidiri the Draconian Gladiator began the quest for the Orb.
     0 | D        | Reached XP level 1. HP: 17/17 MP: 1/1
    58 | D        | Found a bloodstained altar of Trog.
    58 | D        | Found a deep blue altar of Sif Muna.
    58 | D        | Found a viscous altar of Jiyva.
    58 | D        | Found a hazy altar of Hepliaklqana.
    58 | D        | Found an opulent altar of Gozag.
    59 | D        | Found a glowing golden altar of the Shining One.
    59 | D        | Found a glowing silver altar of Zin.
    59 | D        | Found a basalt altar of Yredelemnul.
    59 | D        | Found a shimmering altar of Xom.
    59 | D        | Found an ornate altar of the Wu Jian Council.
    59 | D        | Found a sacrificial altar of Ru.
    59 | D        | Found a stormy altar of Qazlal.
    59 | D        | Found an iron altar of Okawaru.
    59 | D        | Found a sparkling altar of Nemelex Xobeh.
    59 | D        | Found a burning altar of Makhleb.
    59 | D        | Found a blossoming altar of Fedhas.
    59 | D        | Found a white marble altar of Elyvilon.
    59 | D        | Found a shadowy altar of Dithmenos.
    59 | D        | Found a snail-covered altar of Cheibriados.
    61 | D        | Found a radiant altar of Vehumet.
    61 | D        | Found a corrupted altar of Lugonu.
    61 | D        | Found a roughly hewn altar of Beogh.
    63 | D        | Became a worshipper of Trog the Wrathful
    64 | D        | Found an ancient bone altar of Kikubaaqudgha.
    64 | D        | Found a hide-covered altar of Uskayaw.
    64 | D        | Found a shattered altar of Ashenzari.
    81 | D        | Reached skill level 3 in Fighting
    91 | D        | Reached * piety under Trog
    91 | D        | Reached XP level 2. HP: 26/26 MP: 2/2
   105 | D        | Reached ** piety under Trog
   222 | D        | Reached *** piety under Trog
   224 | D        | Reached skill level 4 in Fighting
   224 | D        | Reached XP level 3. HP: 34/34 MP: 3/3
   226 | D        | Reached skill level 5 in Fighting
   226 | D        | Reached skill level 5 in Maces & Flails
   226 | D        | Reached XP level 4. HP: 42/42 MP: 4/4
   232 | D        | Reached **** piety under Trog
   307 | D        | Noticed Terence
   308 | D        | Noticed a centaur
   315 | D        | Reached skill level 5 in Dodging
   317 | D        | Killed a centaur
   317 | D        | Reached skill level 6 in Fighting
   317 | D        | Reached XP level 5. HP: 36/50 MP: 5/5
   319 | D        | Killed Terence
   324 | D        | Received a gift from Trog
   414 | D        | Noticed a necrophage
   423 | D        | Killed a necrophage
   423 | D        | Reached skill level 7 in Fighting
   428 | D        | Noticed a soldier ant
   449 | D        | Killed a soldier ant
   449 | D        | Reached ***** piety under Trog
   449 | D        | Reached skill level 8 in Fighting
   449 | D        | Reached skill level 5 in Throwing
   449 | D        | Reached XP level 6. HP: 25/61 MP: 6/6
   641 | D        | Noticed a deep elf mage
   641 | D        | Noticed a warg
   653 | D        | Killed a warg
   653 | D        | Reached skill level 9 in Fighting
   653 | D        | Your scales start taking on an icy white colour.
   653 | D        | Reached XP level 7. HP: 52/70 MP: 7/7
   653 | D        | Gained mutation: Your flesh is cold resistant. (rC+) [White Draconian growth]
   659 | D        | Killed a deep elf mage
   659 | D        | Reached skill level 10 in Fighting
   759 | D        | Noticed Ijyb
   759 | D        | Noticed a yak
   759 | D        | Noticed a yak
   759 | D        | Noticed a yak
   762 | D        | Received a gift from Trog
   768 | D        | Killed Ijyb
   778 | D        | Killed a yak
   778 | D        | Reached skill level 10 in Maces & Flails
   778 | D        | Reached XP level 8. HP: 69/81 MP: 8/8
   791 | D        | Reached skill level 11 in Fighting
  1128 | D        | Reached skill level 10 in Dodging
  1128 | D        | Received a gift from Trog
  1190 | D        | Noticed a smoke demon
  1200 | D        | Killed a smoke demon
  1200 | D        | Reached skill level 12 in Fighting
  1200 | D        | Reached XP level 9. HP: 50/90 MP: 3/9
  1466 | D        | Noticed a gargoyle
  1471 | D        | Killed a gargoyle
  1471 | D        | Received a gift from Trog
  1548 | D        | Noticed a manticore
  1551 | D        | Received a gift from Trog
  1566 | D        | Killed a manticore
  1566 | D        | Reached ****** piety under Trog
  1566 | D        | Reached skill level 13 in Fighting
  1567 | D        | Received a gift from Trog
  1820 | D        | Noticed an orange demon
  1821 | D        | Received a gift from Trog
  1823 | D        | Noticed a smoke demon
  1829 | D        | Killed an orange demon
  1891 | D        | Reached XP level 10. HP: 95/101 MP: 3/10
  1893 | D        | Noticed an orc sorcerer
  1905 | D        | Killed an orc sorcerer
  1905 | D        | Received a gift from Trog
  1953 | D        | Noticed a necromancer
  1958 | D        | Killed a smoke demon
  1967 | D        | Killed a necromancer
  1967 | D        | Received a gift from Trog
  1967 | D        | Reached skill level 14 in Fighting
  1970 | D        | Noticed a nagaraja
  1982 | D        | Killed a nagaraja
  1982 | D        | Received a gift from Trog
  1990 | D        | Got a polished great mace {god gift}
  1991 | D        | Identified the +11 great mace of the Spider {crush, *Rage rElec rN+} (Trog gifted it to you in the Dungeon)
  2318 | D        | Noticed a gargoyle
  2325 | D        | Killed a gargoyle
  2376 | D        | Received a gift from Trog
  2393 | D        | Reached skill level 15 in Fighting
  2398 | D        | Noticed an orc sorcerer
  2435 | D        | Killed an orc sorcerer
  2439 | D        | Received a gift from Trog
  2440 | D        | Reached XP level 11. HP: 66/112 MP: 11/11
  2658 | D        | Noticed a death yak
  2664 | D        | Killed a death yak
  2664 | D        | Reached skill level 10 in Throwing
  2727 | D        | Received a gift from Trog
  2865 | D        | Received a gift from Trog
  2886 | D        | Gained mutation: You occasionally shout uncontrollably at your foes. [potion of mutation]
  2886 | D        | Gained mutation: You are weak. (Str -2) [potion of mutation]
  2886 | D        | Gained mutation: You passively map a small area around you. [potion of mutation]
  2886 | D        | Gained mutation: Your mind is acute. (Int +2) [potion of mutation]
  2887 | D        | Lost mutation: You are weak. (Str -2) [potion of mutation]
  2887 | D        | Lost mutation: You occasionally shout uncontrollably at your foes. [potion of mutation]
  2887 | D        | Lost mutation: Your mind is acute. (Int +2) [potion of mutation]
  2887 | D        | Gained mutation: You have a pair of small antennae on your head. [potion of mutation]
  2887 | D        | Gained mutation: You have very sharp teeth. [potion of mutation]
  2887 | D        | Gained mutation: You have sharp toenails. [potion of mutation]
  3058 | D        | Received a gift from Trog
  3161 | D        | Noticed a white ugly thing
  3164 | D        | Reached skill level 16 in Fighting
  3166 | D        | Killed a white ugly thing
  3166 | D        | Reached skill level 15 in Maces & Flails
  3184 | D        | Noticed a great orb of eyes
  3189 | D        | Received a gift from Trog
  3197 | D        | Killed a great orb of eyes
  3370 | D        | Noticed a centaur warrior
  3375 | D        | Noticed an orc knight
  3375 | D        | Noticed an orc knight
  3375 | D        | Noticed an orc knight
  3375 | D        | Noticed an orc knight
  3375 | D        | Gained mutation: Your body sometimes deteriorates upon taking damage. [a neqoxec]
  3376 | D        | Noticed an orc warlord
  3376 | D        | Noticed an orc warlord
  3376 | D        | Noticed an orc knight
  3378 | D        | Noticed an orc knight
  3379 | D        | Noticed an orc knight
  3381 | D        | Noticed an orc knight
  3381 | D        | Noticed an orc knight
  3382 | D        | Noticed a wolf spider
  3382 | D        | Killed a centaur warrior
  3383 | D        | Killed an orc knight
  3384 | D        | Noticed an orc knight
  3387 | D        | Noticed an orc knight
  3390 | D        | Killed an orc warlord
  3390 | D        | Received a gift from Trog
  3392 | D        | Killed an orc knight
  3392 | D        | Reached skill level 17 in Fighting
  3399 | D        | Noticed a vault guard
  3399 | D        | Demolished by an orc warlord

Vault maps used:
D:        pitsprint

Skill      XL: |  1  2  3  4  5  6  7  8  9 10 11 |
---------------+----------------------------------+-----
Throwing       | 2 3 5 6 7 8 9 11 | 11.0
Dodging        | 3 4 5 7 8 9 10 11 13 14 | 14.8
Fighting       | 3 4 5 6 8 9 10 12 13 15 17 | 17.0
Maces & Flails | 4 5 6 7 8 10 11 12 14 15 | 15.9

Action                   |  1- 3 |  4- 6 |  7- 9 | 10-12 || total
-------------------------+-------+-------+-------+-------++-------
Melee: Flail             |     7 |       |       |       ||     7
       Mace              |    22 |    40 |    26 |       ||    88
       Tailslap          |     5 |    10 |    10 |    20 ||    45
       Morningstar       |       |       |    10 |       ||    10
       Great mace        |       |       |    45 |   106 ||   151
       Bite              |       |       |       |     7 ||     7
Throw: Throwing net      |       |     1 |       |       ||     1
       Javelin           |       |     4 |       |       ||     4
Invok: Berserk           |     1 |     1 |     4 |     3 ||     9
       Brothers in Arms  |       |     2 |     2 |     4 ||     8
       Burn Spellbooks   |       |       |       |     1 ||     1
 Abil: Breathe Frost     |       |       |     3 |     6 ||     9
  Use: Potion            |       |     1 |     1 |     2 ||     4
       Scroll            |       |       |       |     5 ||     5
 Stab: Held in net/web   |       |     1 |       |       ||     1
  Eat: Chunk             |       |     1 |     4 |     3 ||     8
       Fruit             |       |       |    11 |    12 ||    23
Armor: Skin              |    13 |    13 |    11 |    18 ||    55
Dodge: Dodged            |    22 |    28 |    58 |   122 ||   230

Table legend:
 A = Spawn XP
 B = Non-spawn XP
 C = Spawn XP percentage of total XP
 D = Spawn monster count
 E = Non-spawn monster count
 F = Spawn count percentage of total count
 G = Total turns spent on level
                    A         B        C        D         E        F      G
               +---------+---------+-------+---------+---------+-------+---------
         Total |       0 |   20741 |   0.0 |       0 |     107 |   0.0 |  3399
               +---------+---------+-------+---------+---------+-------+---------
             D |       0 |   20741 |   0.0 |       0 |     107 |   0.0 |  3399
               +---------+---------+-------+---------+---------+-------+---------
